 Dungeon Crawl Stone Soup version 0.24.1-14-gf8d2b509d9 (webtiles) character file.

Game seed: 12087377693759419582, levelgen mode: deterministic

159 Peloso the Shield-Bearer (level 5, -3/42 HPs)
             Began as a Formicid Fighter on May 17, 2020.
             Was an Initiate of Okawaru.
             Slain by Grinder (5 damage)
             ... on level 3 of the Dungeon.
             The game lasted 00:04:27 (2185 turns).

Peloso the Shield-Bearer (Formicid Fighter)         Turns: 2185, Time: 00:04:28

Health: -3/42      AC:  8    Str: 25      XL:     5   Next: 68%
Magic:  5/5        EV:  9    Int:  5 (8)  God:    Okawaru [......]
Gold:   134        SH: 10    Dex:  8 (11) Spells: 4/4 levels left

rFire    . . .     SeeInvis +   a - +0 long sword
rCold    . . .     Gourm    .   c - +0 shield
rNeg     . . .     Faith    .   b - +0 scale mail
rPois    .         Spirit   .   (helmet unavailable)
rElec    .         Reflect  .   (no cloak)
rCorr    .         Harm     .   (no gloves)
MR       .....                  k - +0 pair of boots
Stlth    ..........             (no amulet)
HPRegen  0.14/turn              (no ring)
MPRegen  0.09/turn              (no ring)

@: mighty
A: permanent stasis, dig shafts and tunnels, four strong arms, antennae 3
a: Dig, Shaft Self, Renounce Religion


You were on level 3 of the Dungeon.
You worshipped Okawaru.
Okawaru was noncommittal.
You were hungry.

You visited 1 branch of the dungeon, and saw 3 of its levels.

You collected 134 gold pieces.

Inventory:

Hand Weapons
 a - a +0 long sword (weapon)
Armour
 b - a +0 scale mail (worn)
 c - a +0 shield (worn)
 k - a +0 pair of boots (worn)
Scrolls
 g - a scroll of amnesia {unknown}
 h - 3 scrolls of identify {unknown}
 i - a scroll of noise {unknown}
 j - a scroll of fear {unknown}
 l - a scroll of enchant armour {unknown}
 n - a scroll of teleportation {unknown}
Potions
 d - a potion of might
 e - a potion of brilliance {unknown}
 m - a potion of berserk rage {unknown}
Comestibles
 f - 7 rations


   Skills:
 + Level 3.7 Fighting
 + Level 3.2 Long Blades
 + Level 4.3 Armour
 + Level 1.2 Dodging
 + Level 1.0 Stealth
 + Level 4.5 Shields


You had 4 spell levels left.
You didn't know any spells.
Your spell library was empty.

Dungeon Overview and Level Annotations

Branches:
Dungeon (3/15)

Altars:
Okawaru

Annotations:
D:3 Grinder


Innate Abilities, Weirdness & Mutations

You cannot be hasted, slowed, berserked, paralysed or teleported.
You can dig through walls and to a lower floor.
Your four strong arms can wield two-handed weapons with a shield.
You have a pair of large antennae on your head. (SInv)


Message History

Pain shoots through your body!
* * * LOW HITPOINT WARNING * * *
You block Grinder's attack.
You barely miss Grinder.
Grinder is heavily wounded.
You block Grinder's attack.
Unknown command.
Okay, then.
You hit Grinder but do no damage.
Grinder is heavily wounded.
Grinder gestures at you.
You struggle to resist.
You closely miss Grinder.
Grinder is heavily wounded.
Grinder says, "FISH!"
Grinder closely misses you.
You slash Grinder!
Grinder is severely wounded.
Grinder barely misses you. Grinder hits you.
You die...

..#.# #.#.# #.#.# #.#.#
#.#.# ######.#.########
####...##.#.#.......
#>5@................
.......#....#.#.#.######
#......#....#.#.#.#
####...###.##.#.#.######
#... #.#............
#... #.#..##########
#... ..#............
#... ............... ##.
...........#####


You could see Grinder.

Vanquished Creatures
  7 adders
  A gnoll (D:1)
  2 worms
  4 dart slugs
  4 leopard geckos
  4 giant cockroaches
  7 goblins
  7 hobgoblins
  4 jackals
  3 quokkas
  A ball python (D:1)
  7 bats
  4 frilled lizards
  9 kobolds
  8 rats
72 creatures vanquished.

Notes
Turn   | Place    | Note
-------+----------+-------------------------------------------
     0 | D:1      | Peloso the Formicid Fighter began the quest for the Orb.
     0 | D:1      | Reached XP level 1. HP: 18/18 MP: 1/1
   126 | D:1      | Reached XP level 2. HP: 19/24 MP: 2/2
   239 | D:1      | Reached XP level 3. HP: 16/29 MP: 3/3
   904 | D:2      | Reached XP level 4. HP: 35/35 MP: 4/4
  1100 | D:2      | Reached skill level 1 in Dodging
  1124 | D:2      | Reached XP level 5. HP: 13/41 MP: 5/5
  1356 | D:2      | Found an iron altar of Okawaru.
  1698 | D:2      | Became a worshipper of Warmaster Okawaru
  2115 | D:3      | Reached skill level 1 in Stealth
  2164 | D:3      | Noticed Grinder
  2181 | D:3      | HP: 1/42 [Grinder/nerve-wracking pain (13)]
  2185 | D:3      | Slain by Grinder

Levels and vault maps discovered:
D:1:      dpeg_arrival_rooms_b, layout_basic, minmay_close_crescents
D:2:      layout_loops_ring, lemuel_crystal_altar
D:3:      layout_basic, eino_tiny_chamber, uniq_grinder

Skill      XL: |  1  2  3  4  5 |
---------------+----------------+-----
Shields        | 4 |  4.5
Armour         | 4 |  4.3
Dodging        | 1 |  1.2
Long Blades    | 3 |  3.2
Stealth        | 1 |  1.0
Fighting       | |  3.7

Action                   |  1- 3 |  4- 6 || total
-------------------------+-------+-------++-------
Melee: Long sword        |    88 |   148 ||   236
  Use: Potion            |       |     4 ||     4
 Stab: Invisible         |       |     3 ||     3
  Eat: Chunk             |       |     4 ||     4
Armor: Scale mail        |    48 |    72 ||   120
Dodge: Dodged            |    42 |    60 ||   102
Block: Shield            |    48 |    94 ||   142
       Rpst.: Long sword |    13 |    18 ||    31
